 Dungeon Crawl Stone Soup version 0.30-a0-578-gdee14c521f (webtiles) character file.

Game seed: 16874659137470227099

6 OTABOTABOTAB the Firebug (level 1, 0/10 HPs)
             Began as a Deep Elf Fire Elementalist on Dec 31, 2022.
             Slain by a jackal (1 damage)
             ... on level 1 of the Dungeon.
             The game lasted 00:00:36 (109 turns).

OTABOTABOTAB the Firebug (DEFE)                      Turns: 109, Time: 00:00:37

Health: 0/10       AC:  2    Str:  5    XL:     1   Next: 75%
Magic:  1/6        EV: 12    Int: 19    God:
Gold:   4          SH:  0    Dex: 15    Spells: 5/6 levels left

rFire   . . .      SeeInvis .    (no weapon)
rCold   . . .      Faith    .    (no shield)
rNeg    . . .      Spirit   .    a - +0 robe
rPois   .          Reflect  .    (no helmet)
rElec   .          Harm     .    (no cloak)
rCorr   .          Rampage  .    (no gloves)
Will    .....                    (no boots)
Stlth   ++                       (no amulet)
HPRegen 0.21/turn                (no ring)
MPRegen 0.10/turn                (no ring)

@: no status effects
A: no striking features
a: no special abilities


You were on level 1 of the Dungeon.
You visited 1 branch of the dungeon, and saw 1 of its levels.

You collected 4 gold pieces.

Inventory:

Missiles
 b - 3 poisoned darts
Armour
 a - a +0 robe (worn)
Scrolls
 c - a scroll of enchant weapon {unknown}
Potions
 M - a potion of magic


   Skills:
 - Level 2.4 Dodging
 - Level 2.4 Stealth
 + Level 3.1 Spellcasting
 * Level 1.5 Conjurations
 * Level 3.5 Fire Magic


You had 5 spell levels left.
You knew the following spells:

 Your Spells              Type           Power      Damage    Failure   Level
a - Foxfire               Conj/Fire      48%        2x1d6     5%          1

Your spell library contained the following spells:

 Spells                   Type           Power      Damage    Failure   Level
 Scorch                   Fire           32%        2d6       5%          2
 Inner Flame              Hex/Fire       9%         N/A       22%         3
 Kindle Blastsparks       Fire/Tloc/Air  14%        2d11      28%         3
 Flame Wave               Conj/Fire      12%        2d6       47%         4


Dungeon Overview and Level Annotations

Branches:
Dungeon (1/15)

Altars:


Message History

Bad channel name for runrest: 'Jiyva says: Divide and consume' Welcome, OTABOTABOTAB the Deep Elf Fire Elementalist.
You feel drawn to the Orb of Zot, downwards into the unfathomable depths...
Found a staircase leading out of the dungeon.
There is an abandoned shop here.
You enter the shallow water.
Moving in this stuff is going to be slow.
b - 3 poisoned darts A giant cockroach comes into view.
A giant cockroach is nearby!
You conjure some foxfire!
You now have 5/6 mp.
You conjure some foxfire!
The foxfire hits the giant cockroach but does no damage.
The foxfire hits the giant cockroach.
You kill the giant cockroach!
You now have 4/6 mp.
Found a stone staircase leading down.
MP restored: 6 You now have 4 gold pieces.
A bat comes into view.
A bat is nearby!
A bat is nearby!
You conjure some foxfire!
You now have 5/6 mp.
The foxfire hits the bat. x2
You kill the bat!
c - a scroll labelled POGREO AVVIUFE MP restored: 6 4 jackals come into view.
The jackal barks! x3
There are monsters nearby!
You conjure some foxfire!
You now have 5/6 mp.
The foxfire hits the jackal.
You conjure some foxfire!
The jackal bites you. The jackal barely misses you.
You take 2 damage, and have 8/10 hp.
You now have 4/6 mp.
The jackal attacks as you move away! The jackal misses you.
You conjure some foxfire!
The jackal closely misses you. x2
You now have 3/6 mp.
You conjure some foxfire!
The jackal misses you.
You now have 2/6 mp.
The jackal barely misses you.
You conjure some foxfire!
The jackal barely misses you.
The foxfire hits the jackal.
You kill the jackal!
Okay, then.
You conjure some foxfire!
The jackal bites you.
You take 1 damage, and have 8/10 hp.
You now have 1/6 mp.
The foxfire hits the jackal.
The jackal closely misses you. x2
The jackal attacks as you move away! The jackal closely misses you.
You conjure some foxfire!
The jackal closely misses you.
You now have 0/6 mp.
The jackal misses you.
You hit the jackal but do no damage. The jackal bites you.
You take 2 damage, and have 7/10 hp.
You closely miss the jackal. The jackal closely misses you.
The jackal bites you but does no damage.
You hit the jackal. The jackal bites you.
You take 1 damage, and have 6/10 hp.
You hit the jackal.
You kill the jackal!
You barely miss the jackal. The jackal closely misses you.
The jackal barely misses you.
You hit the jackal.
The jackal bites you but does no damage.
You barely miss the jackal. The jackal misses you.
The jackal closely misses you.
You miss the jackal. The jackal bites you.
You take 2 damage, and have 5/10 hp.
You conjure some foxfire!
The jackal bites you.
* * * LOW HITPOINT WARNING * * *
You take 2 damage, and have 3/10 hp.
You now have 0/6 mp.
The jackal barely misses you.
You hit the jackal but do no damage. The jackal closely misses you.
You hit the jackal. The jackal barely misses you. The jackal bites you.
* * * LOW HITPOINT WARNING * * *
You take 2 damage, and have 2/10 hp.
You hit the jackal. The jackal closely misses you.
You barely miss the jackal. The jackal bites you.
* * * LOW HITPOINT WARNING * * *
You take 1 damage, and have 1/10 hp.
You hit the jackal. The jackal closely misses you. The jackal bites you.
* * * LOW HITPOINT WARNING * * *
You hit the jackal.
You kill the jackal!
You barely miss the jackal. The jackal bites you.
You die...

#>..................
....†..#.###.#######
.......#.#.........#
.......#.#.#.#####.#
†......#.#.#.#
.......#.#h#.#
#.#.#..#.#.#.#
..#+#....#h#.#####
#h#...h@# #.#######


You could see a jackal.

Vanquished Creatures
  A giant cockroach (D:1)
  3 jackals (D:1)
  A bat (D:1)
5 creatures vanquished.

Vanquished Creatures (others)
  9 foxfires (D:1)
9 creatures vanquished.

Grand Total: 14 creatures vanquished

Notes
Turn   | Place    | Note
-------+----------+-------------------------------------------
     0 | D:1      | OTABOTABOTAB the Deep Elf Fire Elementalist began the quest
                  | for the Orb.
     0 | D:1      | Reached XP level 1. HP: 10/10 MP: 6/6
   104 | D:1      | HP: 2/10 [jackal (2)]
   109 | D:1      | Slain by a jackal

Illustrated notes

Levels and vault maps discovered:
D:1:      tekkud_arrival_beachfront_property, layout_basic,
          chequers_hall_statues_y

Action                   || total
-------------------------++-------
Melee: Unarmed           ||    15
 Cast: Foxfire           ||    11
Armor: Robe              ||     2
Dodge: Dodged            ||    22

Table legend: (Time is in decaauts)
 A = Elapsed time spent in this place.
 B = Non-inter-level travel time spent in this place.
 C = Inter-level travel time spent in this place.
 D = Time resting spent in this place.
 E = Time spent auto-exploring this place.
 F = Levels seen in this place.
 G = Mean time per level.
                   A        B        C        D        E       F      G
               +--------+--------+--------+--------+--------+-----+--------+
         Total |    111 |    111 |      0 |      0 |     65 |   1 |  111.0 |
       Dungeon |    111 |    111 |      0 |      0 |     65 |   1 |  111.0 |
               +--------+--------+--------+--------+--------+-----+--------+

Top non-repeatable levels by time:
     D:1: 111 daAuts

Table legend:
 A = Kills in this place as a percentage of kills in entire the game.
 B = Kills by you in this place as a percentage of kills by you in the entire game.
 C = Kills by friends in this place as a percentage of kills by friends in the entire game.
 D = Other kills in this place as a percentage of other kills in the entire game.
 E = Experience gained in this place as a percentage of experience gained in the entire game.
 F = Experience gained in this place divided by the number of levels of this place that you have seen.
                   A       B       C       D       E      F
               +-------+-------+-------+-------+-------+----------------------
         Total | 100.0 | 100.0 |   N/A |   N/A | 100.0 |   9.0
       Dungeon | 100.0 | 100.0 |   N/A |   N/A | 100.0 |   9.0
               +-------+-------+-------+-------+-------+----------------------
